 Dungeon Crawl Stone Soup version 0.22-a0-422-g9628fc87f1 (webtiles) character file.

102 Ikesh the Sneak (level 5, -2/28 HPs)
             Began as a Kobold Enchanter on May 19, 2018.
             Slain by a white imp (3 damage)
             ... summoned by Natasha
             ... on level 1 of the Dungeon.
             The game lasted 00:07:23 (1478 turns).

Ikesh the Sneak (Kobold Enchanter)                  Turns: 1478, Time: 00:07:25

Health: -2/28      AC:  3    Str:  5    XL:     5   Next: 6%
Magic:  1/9        EV: 15    Int: 17    God:
Gold:   89         SH:  0    Dex: 16    Spells: 6/10 levels left

rFire    . . .     SeeInvis .   e - +3 dagger (venom)
rCold    . . .     Gourm    .   (shield restricted)
rNeg     . . .     Faith    .   b - +1 robe
rPois    .         Spirit   .   (no helmet)
rElec    .         Reflect  .   (no cloak)
rCorr    .         Harm     .   (no gloves)
MR       .....                  (no boots)
Stlth    +++.......             (no amulet)
HPRegen  0.09/turn              (no ring)
MPRegen  0.11/turn              (no ring)

@: very slightly contaminated, slowed, very slow
A: small, carnivore
a: no special abilities


You were on level 1 of the Dungeon.
You were very full.

You visited 1 branch of the dungeon, and saw 2 of its levels.

You collected 89 gold pieces.

Inventory:

Hand Weapons
 e - a +3 dagger of venom (weapon)
 i - a +2 dagger of protection
Missiles
 h - 2 tomahawks (quivered)
Armour
 b - a +1 robe (worn)
Magical Staves
 a - an uncursed staff of earth {unknown}
Scrolls
 f - a scroll of identify
Potions
 g - 2 potions of heal wounds {unknown}
Comestibles
 d - 4 rations


   Skills:
 + Level 0.1 Fighting
 + Level 2.6 Short Blades
 + Level 2.7 Dodging
 + Level 5.0 Stealth
 + Level 3.0 Spellcasting
 + Level 3.8 Hexes


You had 6 spell levels left.
You knew the following spells:

 Your Spells              Type           Power        Failure   Level  Hunger
a - Corona                Hex            ###....      3%          1    None
b - Confuse               Hex            ###.....     11%         3    ###....

Your spell library contained the following spells:

 Spells                   Type           Power        Failure   Level  Hunger
 Tukima's Dance           Hex            ###.....     11%         3    ###....
 Ensorcelled Hibernation  Hex/Ice        #.....       12%         2    ##.....
 Dazzling Spray           Conj/Hex       #.....       24%         3    ###....


Dungeon Overview and Level Annotations

Branches:
Dungeon (2/15)

Altars:

Annotations:
D:1 Natasha


Innate Abilities, Weirdness & Mutations

You are small and have problems with some larger weapons.
You are carnivorous and can eat meat at any time.


Message History

The shadow imp hits you but does no damage.
You barely miss Natasha.
Natasha howls an incantation.
Natasha glows brightly for a moment.
Natasha stares at you and mumbles some strange words.
The magic dart hits you! The white imp barely misses you.
The shadow imp hits you. Natasha barely misses you.
You barely miss Natasha. The white imp hits you. The white imp freezes you.
The shadow imp closely misses you. Natasha barely misses you.
The white imp gestures at you. The puff of frost hits you!
* * * LOW HITPOINT WARNING * * *
You hit Natasha.
Natasha is poisoned.
Natasha is moderately wounded.
The shadow imp hits you.
* * * LOW HITPOINT WARNING * * *
Natasha claws you but does no damage. The white imp hits you.
* * * LOW HITPOINT WARNING * * *
The white imp freezes you.
You die...

......(...##...#.#######
.###########...#.#
.######## ##..#.#
........# #..#[#
#....##.#####..#.#
#....#......#..#.#
.#####..##.......# ##
#........#5h# .#
#........#5@# .#
#........#### ##
#........# .# #........#
.# #........# .#
#........# .# #......#.#
.# ###...##.#.#
.###........#.#


You could see Natasha, a white imp and a shadow imp.

Vanquished Creatures
  A centaur (D:1)
  A worm (D:2)
  4 bats
  A giant cockroach (D:1)
  4 goblins
  2 hobgoblins
  2 frilled lizards
  6 kobolds (D:1)
  5 rats
26 creatures vanquished.

Notes
Turn   | Place    | Note
-------+----------+-------------------------------------------
     0 | D:1      | Ikesh the Kobold Enchanter began the quest for the Orb.
     0 | D:1      | Reached XP level 1. HP: 10/10 MP: 3/3
   321 | D:1      | Reached XP level 2. HP: 15/15 MP: 3/5
  1158 | D:2      | Noticed a centaur
  1170 | D:1      | Killed a centaur
  1170 | D:1      | Reached XP level 3. HP: 12/19 MP: 5/7
  1170 | D:1      | Reached XP level 4. HP: 16/24 MP: 5/8
  1272 | D:1      | Learned a level 3 spell: Confuse
  1332 | D:2      | Reached skill level 5 in Stealth
  1332 | D:2      | Reached XP level 5. HP: 28/28 MP: 5/9
  1460 | D:2      | Noticed Natasha
  1478 | D:1      | HP: 1/28 [white imp[Natasha] (1)]
  1478 | D:1      | Slain by a white imp

Vault maps used:
D:1:      dpeg_arrival_erosion
D:2:      uniq_natasha

Skill      XL: |  1  2  3  4  5 |
---------------+----------------+-----
Short Blades   | 2 |  2.6
Stealth        | 5 |  5.0
Spellcasting   | 3 |  3.0
Fighting       | |  0.1
Dodging        | |  2.7
Hexes          | |  3.8

Action                   |  1- 3 |  4- 6 || total
-------------------------+-------+-------++-------
Melee: Dagger            |    49 |    15 ||    64
 Cast: Corona            |    13 |     3 ||    16
       Confuse           |       |     4 ||     4
  Use: Scroll            |       |     4 ||     4
 Stab: Sleeping          |     5 |     2 ||     7
       Confused          |       |     1 ||     1
  Eat: Chunk             |     3 |     7 ||    10
Armor: Robe              |     7 |     2 ||     9
Dodge: Dodged            |    41 |    12 ||    53

Table legend:
 A = Spawn XP
 B = Non-spawn XP
 C = Spawn XP percentage of total XP
 D = Spawn monster count
 E = Non-spawn monster count
 F = Spawn count percentage of total count
 G = Total turns spent on level
                    A         B        C        D         E        F      G
               +---------+---------+-------+---------+---------+-------+---------
         Total |       0 |     147 |   0.0 |       0 |      26 |   0.0 |  1478
               +---------+---------+-------+---------+---------+-------+---------
           D:1 |       0 |     133 |   0.0 |       0 |      19 |   0.0 |  1280
           D:2 |       0 |      14 |   0.0 |       0 |       7 |   0.0 |   198
               +---------+---------+-------+---------+---------+-------+---------
